 Dungeon Crawl Stone Soup version 0.29.1-15-g9cfb28693d (webtiles) character file.

Game seed: 5628991714843440148

266 Heoruswealwe the Shooter (level 5, -1/45 HPs)
             Began as a Demigod Hunter on Apr 12, 2023.
             Slain by a scorpion (5 damage)
             ... on level 3 of the Dungeon.
             The game lasted 00:23:49 (2117 turns).

Heoruswealwe the Shooter (Demigod Hunter)           Turns: 2117, Time: 00:23:50

Health: -1/45      AC:  5    Str: 12    XL:     5   Next: 67%
Magic:  7/7        EV: 17    Int: 11    God:
Gold:   153        SH:  0    Dex: 21    Spells: 4/4 levels left

rFire   + . .      SeeInvis .   a - +0 shortbow
rCold   + . .      Faith    .   (shield currently unavailable)
rNeg    . . .      Spirit   .   c - +0 leather armour
rPois   .          Reflect  .   q - +0 helmet
rElec   .          Harm     .   s - scarf {rC+ rF+}
rCorr   .          Rampage  .   (no gloves)
Will    .....                   m - +0 pair of boots
Stlth   ++........              (no amulet)
HPRegen 0.15/turn               l - +4 ring of evasion
MPRegen 0.10/turn               (no ring)

@: lethally poisoned (-1 -> -7)
A: high MP 1, forlorn, divine attributes
a: no special abilities


You were on level 3 of the Dungeon.
You visited 1 branch of the dungeon, and saw 3 of its levels.

You collected 231 gold pieces.
You spent 78 gold pieces at shops.

Inventory:

Hand Weapons
 a - a +0 shortbow (weapon)
Armour
 c - a +0 leather armour (worn)
 m - a +0 pair of boots (worn)
 q - a +0 helmet (worn)
 s - a scarf of resistance (worn)
Jewellery
 l - a +4 ring of evasion (left hand)
Wands
 b - a wand of quicksilver (11)
 i - a wand of polymorph (3)
Scrolls
 d - a scroll of amnesia {unknown}
 e - a scroll of noise {unknown}
 f - 2 scrolls of identify {unknown}
 j - a scroll of poison {unknown}
 k - a scroll of blinking {unknown}
 n - a scroll of enchant weapon {unknown}
 o - a scroll of acquirement {unknown}
 p - a scroll of teleportation {unknown}
Potions
 h - a potion of flight {unknown}
 r - a potion of ambrosia {unknown}
 t - a potion of might {unknown}


   Skills:
 + Level 3.2 Fighting
 + Level 4.5 Ranged Weapons
 + Level 3.1 Dodging
 + Level 3.0 Stealth


You had 4 spell levels left.
You didn't know any spells.
Your spell library contained the following spells:

 Spells                   Type           Power      Damage    Failure   Level
 Apportation              Tloc           0%         N/A       41%         1
 Necrotise                Necr           0%         1d4       41%         1
 Summon Small Mammal      Summ           0%         N/A       41%         1


Dungeon Overview and Level Annotations

Branches:
Dungeon (3/15)

Shops:
D:2 *


Innate Abilities, Weirdness & Mutations

You have an increased reservoir of magic. (+10% MP)
You shall have no god before yourself.
Your divine heritage dramatically boosts your attributes as you level up.


Message History

The arrow hits the scorpion but does no damage.
The scorpion is heavily wounded.
* * * LOW HITPOINT WARNING * * *
You feel very sick. The scorpion misses you. The scorpion stings you.
* * * LOW HITPOINT WARNING * * *
It was a potion of heal wounds.
You feel much better.
You feel sick. The scorpion closely misses you.
Fire: a) +0 shortbow
Press: ? - help, Q - select action, (/) - cycle Shift-Dir - straight line, f/p - scorpion
Aim: a scorpion (heavily wounded, 65% to hit)
You shoot an arrow. The arrow hits the scorpion.
The scorpion is heavily wounded.
You feel sick. The scorpion completely misses you.
Fire: a) +0 shortbow
Press: ? - help, Q - select action, (/) - cycle Shift-Dir - straight line, f/p - scorpion
Aim: a scorpion (heavily wounded, 65% to hit)
You shoot an arrow.
The arrow hits the scorpion but does no damage.
The scorpion is heavily wounded.
You feel sick. The scorpion stings you. x2
Fire: a) +0 shortbow
Press: ? - help, Q - select action, (/) - cycle Shift-Dir - straight line, f/p - scorpion
Aim: a scorpion (heavily wounded, 65% to hit)
You shoot an arrow. The arrow hits the scorpion.
The scorpion is severely wounded.
You feel sick. The scorpion stings you!
* * * LOW HITPOINT WARNING * * *
The scorpion stings you.
* * * LOW HITPOINT WARNING * * *
You are lethally poisoned!
The scorpion poisons you!
Fire: a) +0 shortbow
Press: ? - help, Q - select action, (/) - cycle Shift-Dir - straight line, f/p - scorpion
Aim: a scorpion (severely wounded, 65% to hit)
You shoot an arrow. The arrow barely misses the scorpion.
* * * LOW HITPOINT WARNING * * *
You feel very sick. The scorpion stings you.
You die...

##############
#............#
#.##########.#
#.# #@# #.#
#s# #.#
#...>.....#
#.#
#.####........
#.# ####.####
#.# ... #.#
### #.# #.#


You could see a scorpion.

Vanquished Creatures
  An ice beast (D:3)
  Ijyb (D:3)
  Terence (D:2)
  Robin (D:3)
  4 adders
  A worm (D:2)
  2 dart slugs (D:1)
  4 orcs (D:3)
  2 endoplasms
  2 giant cockroaches (D:2)
  13 goblins
  8 hobgoblins
  6 kobolds
  4 quokkas
  3 ball pythons
  4 bats
  3 frilled lizards
  10 rats
70 creatures vanquished.

Notes
Turn   | Place    | Note
-------+----------+-------------------------------------------
     0 | D:1      | Heoruswealwe the Demigod Hunter began the quest for the
                  | Orb.
     0 | D:1      | Reached XP level 1. HP: 17/17 MP: 3/3
    65 | D:1      | Reached skill level 1 in Stealth
   264 | D:1      | Reached XP level 2. HP: 13/24 MP: 4/4
   752 | D:1      | Reached XP level 3. HP: 19/29 MP: 5/5
  1164 | D:2      | Reached skill level 4 in Ranged Weapons
  1435 | D:2      | Found Wieral's Assorted Antiques.
  1443 | D:2      | Noticed Terence
  1450 | D:2      | Killed Terence
  1451 | D:2      | Reached XP level 4. HP: 34/37 MP: 6/6
  1471 | D:2      | Bought a scroll labelled XEQ MIDGHISMU for 21 gold pieces
  1471 | D:2      | Bought a scroll labelled JOGHOO HOSEFU for 21 gold pieces
  1471 | D:2      | Bought a ruby potion for 18 gold pieces
  1471 | D:2      | Bought a lumpy amethyst potion for 18 gold pieces
  1778 | D:3      | Noticed Ijyb
  1797 | D:3      | Killed Ijyb
  1865 | D:3      | Noticed Robin
  1908 | D:3      | Killed Robin
  1909 | D:3      | Reached XP level 5. HP: 16/44 MP: 7/7
  1936 | D:3      | Noticed an ice beast
  1950 | D:3      | Killed an ice beast
  2117 | D:3      | Slain by a scorpion

Illustrated notes

Levels and vault maps discovered:
D:1:      amcnicky_arrival_underground_garden, layout_basic,
          hangedman_feature_mirror, minmay_pentomino_p4
D:2:      layout_basic, serial_shops, shop_coins, uniq_terence
D:3:      layout_loops_ring, uniq_ijyb, uniq_robin

Skill      XL: |  1  2  3  4  5 |
---------------+----------------+-----
Stealth        | 1 2 3 |  3.0
Fighting       | 2 3 |  3.2
Dodging        | 2 3 |  3.1
Ranged Weapons | 4 |  4.5

Action                   |  1- 3 |  4- 6 || total
-------------------------+-------+-------++-------
 Fire: Shortbow          |   113 |   110 ||   223
  Use: Potion            |       |     3 ||     3
       Scroll            |       |     1 ||     1
Armor: Leather armour    |    17 |    12 ||    29
Dodge: Dodged            |    53 |    59 ||   112
